Map: 2000 Atmospheres LE

Players

Throwfordays - Winner!

  • Race: Terran Terran

A.I. 1 (Medium)

  • Race: Protoss Protoss

VOD

Have the link to the VOD?

Description

Time

  • Played on: April 24, 2021, 4:44 p.m.
  • Length: 10:21
Show
View Real Time Build Order
Export as new Build Order

Throwfordays Terran - Winner!

Build Orders: Reaper Expand 

Get SALT Encoding   

  12  0:00  SCV  
  13  0:12  SCV  
  14  0:18  Supply Depot  
  14  0:24  SCV  
  15  0:43  SCV, Barracks  
  15  0:47  Refinery  
  16  0:55  Refinery, SCV  
  17  1:12  SCV  
  18  1:29  Orbital Command  
  18  1:41  Reaper  
  19  1:48  Supply Depot  
  19  1:57  SCV  
  20  2:09  Command Center  
  20  2:17  SCV  
  20  2:19  Reaper  
  22  2:29  SCV  
  23  2:52  Barracks Reactor  
  23  2:55  SCV  
  24  3:01  Barracks  
  24  3:07  SCV  
  25  3:14  Factory  
  25  3:19  SCV  
  26  3:24  Supply Depot  
  25  3:29  Reaper x2  
  25  3:32  SCV  
  28  3:49  SCV  
  28  3:50  SCV  
  28  3:53  Barracks Reactor  
  30  3:56  Barracks  
  30  4:01  SCV  
  30  4:02  Reaper x2, SCV  
  34  4:10  Factory Reactor  
  34  4:16  Armory  
  35  4:17  SCV x2  
  35  4:23  Supply Depot  
  36  4:29  SCV x2  
  37  4:49  Barracks Tech Lab  
  37  4:50  Reaper x2  
  37  4:51  Reaper x2  
  41  4:58  SCV  
  42  5:02  Engineering Bay  
  42  5:03  Engineering Bay  
  42  5:04  SCV  
  42  5:07  Supply Depot  
  43  5:10  SCV  
  44  5:16  SCV  
  44  5:17  Refinery  
  44  5:19  Refinery  
  45  5:22  Reaper x2  
  45  5:23  SCV  
  45  5:28  SCV  
  49  5:31  Terran Infantry Weapons Level 1  
  49  5:35  SCV  
  50  5:40  SCV  
  47  6:16  Marine x5  
  52  6:25  Supply Depot  
  52  6:26  SCV  
  52  6:29  SCV  
  54  6:34  Marine x5  
  54  6:37  Factory  
  54  6:38  SCV  
  60  6:50  Supply Depot  
  60  6:51  Marine, SCV  
  60  6:52  Marine x4  
  66  7:01  Stimpack  
  66  7:03  SCV  
  66  7:09  Marine x2  
  66  7:10  Marine x3  
  66  7:15  SCV  
  68  7:21  Terran Infantry Armor Level 1  
  68  7:27  Marine x3  
  68  7:28  Marine x2  
  73  7:34  Terran Infantry Weapons Level 2  
  73  7:43  Starport  
  73  7:44  Factory Tech Lab  
  73  7:45  Marine x4  
  73  7:46  Marine  
  78  8:03  Marine x5  
  78  8:04  Supply Depot  
  83  8:07  Supply Depot  
  83  8:09  Supply Depot  
  83  8:21  Marine x3  
  83  8:25  Marine x2  
  79  8:38  Marine  
  79  8:39  Marine x2  
  79  8:40  Combat Shield  
  78  8:43  Marine x2  
  80  9:01  Marine  
  81  9:14  Marine x4  
  85  9:19  Marine  
  86  9:32  Marine x4  
  86  9:36  Marine  
  86  9:37  Starport Reactor  
  91  9:49  Marine x3  
  91  9:50  Marine  
  93  9:54  Marine  
Show
View Real Time Build Order
Export as new Build Order

A.I. 1 (Medium) Protoss 

Build Orders:  

Get SALT Encoding   

  12  0:00  Probe  
  13  0:13  Probe  
  14  0:19  Pylon  
  14  0:25  Probe  
  15  0:33  Probe  
  15  0:41  Probe  
  16  0:47  Assimilator  
  17  0:50  Gateway  
  17  0:51  Probe  
  18  0:59  Pylon  
  18  1:26  Gateway  
  18  1:29  Zealot  
  18  1:32  Assimilator  
  20  1:41  Cybernetics Core  
  20  1:50  Zealot  
  22  2:06  Pylon  
  22  2:09  Warp Gate  
  22  2:13  Stalker  
  24  2:34  Stalker, Probe  
  27  2:46  Probe  
  27  2:49  Stalker  
  30  2:58  Probe  
  30  3:00  Forge  
  30  3:05  Stalker  
  33  3:09  Pylon  
  33  3:10  Probe  
  34  3:23  Probe  
  35  3:35  Probe  
  36  4:32  Probe  
  35  4:40  Probe  
  36  5:31  Sentry, Probe  
  36  5:33  Pylon  
  36  5:34  Photon Cannon  
  39  5:36  Photon Cannon  
  39  5:40  Robotics Facility  
  39  5:43  Stargate  
  39  5:44  Adept  
  39  5:47  Twilight Council  
  41  5:51  Gateway, Probe  
  41  5:54  Pylon  
  42  5:57  Stalker  
  42  6:03  Pylon  
  42  6:10  Sentry  
  41  6:20  Forge  
  41  6:29  Pylon, Adept  
  43  6:37  Nexus  
  41  6:43  Zealot  
  42  6:47  Observer  
  42  6:56  Sentry  
  45  7:08  Observer  
  45  7:09  Adept  
  41  7:22  Stalker  
  41  7:35  Stalker  
  43  7:45  Probe  
  43  7:47  Stalker  
  46  7:52  Probe  
  46  7:53  Probe  
  46  7:57  Assimilator  
  48  7:58  Pylon  
  48  8:00  Pylon, Stalker  
  48  8:04  Probe x2  
  52  8:13  Zealot  
  52  8:16  Probe  
  52  8:17  Probe  
  52  8:19  Photon Cannon  
  55  8:20  Photon Cannon  
  55  8:22  Photon Cannon  
  55  8:25  Probe  
  55  8:26  Stalker  
  55  8:28  Probe  
  55  8:34  Probe  
  45  8:39  Stalker  
  35  8:52  Zealot  
  27  8:57  Probe  
  22  9:03  Probe  
  22  9:05  Sentry  
  22  9:09  Probe  
  19  9:16  Probe  
  19  9:18  Adept  
  20  9:24  Probe  
  20  9:31  Stalker  
  23  9:36  Probe  
  19  9:48  Probe  
  18  10:08  Pylon  
Tags
 
Add a new tag
Caveats
  • Supply blocks, unpowered buildings, or Contaminate may cause inaccurate times.
  • Supply counts are checked every 10 seconds.